 Dungeon Crawl Stone Soup version 0.22-a0-815-gb582571 (webtiles) character file.

226 BaronVonScrub the Magician (level 5, -7/37 HPs)
             Began as a Mummy Conjurer on July 23, 2018.
             Killed from afar by Natasha (11 damage)
             ... with a magic dart
             ... on level 3 of the Dungeon.
             The game lasted 00:08:07 (3456 turns).

BaronVonScrub the Magician (Mummy Conjurer)         Turns: 3456, Time: 00:08:07

Health: -7/37      AC:  4    Str: 12    XL:     5   Next: 69%
Magic:  0/12       EV: 12    Int: 15    God:
Gold:   120        SH:  0    Dex: 12    Spells: 9/13 levels left

rFire    x . .     SeeInvis .   e - +0 club (curse)
rCold    + . .     Gourm    .   (no shield)
rNeg     + + +     Faith    .   a - +1 robe
rPois    ∞         Spirit   +   (no helmet)
rElec    .         Reflect  .   (no cloak)
rCorr    .         Harm     .   (no gloves)
MR       .....                  c - +0 pair of boots
Stlth    ++........             h - amulet of guardian spirit (curse)
HPRegen  0.12/turn              (no ring)
MPRegen  0.13/turn              (no ring)

@: no status effects
A: no food or potions, fire vulnerability, cold resistance 1, negative energy
resistance 3, torment resistance, unbreathing
a: no special abilities


You were on level 3 of the Dungeon.
You were not hungry.

You visited 1 branch of the dungeon, and saw 3 of its levels.

You collected 120 gold pieces.

Inventory:

Hand Weapons
 e - a cursed +0 club (weapon)
 f - a +0 short sword
 i - a +2 dagger of venom
Armour
 a - a +1 robe (worn)
 c - a +0 pair of boots (worn)
Magical Staves
 k - an uncursed staff of conjuration
Jewellery
 h - a cursed amulet of guardian spirit (around neck)
Scrolls
 d - a scroll of magic mapping
 g - 2 scrolls of immolation
 j - a scroll of enchant armour


   Skills:
 + Level 1.2 Fighting
 - Level 0.3 Maces & Flails
 - Level 1.7 Dodging
 - Level 1.9 Stealth
 + Level 0.3 Unarmed Combat
 + Level 4.9 Spellcasting
 + Level 4.5 Conjurations


You had 9 spell levels left.
You knew the following spells:

 Your Spells              Type           Power        Failure   Level  Hunger
a - Magic Dart            Conj           ###.         2%          1    N/A
b - Dazzling Spray        Conj/Hex       ##....       19%         3    N/A

Your spell library contained the following spells:

 Spells                   Type           Power        Failure   Level  Hunger
 Iskenderun's Mystic Bla  Conj           ###.....     26%         4    N/A
 Fulminant Prism          Conj/Hex       ##........   54%         4    N/A
 Force Lance              Conj/Tloc      ##......     54%         4    N/A
 Searing Ray              Conj           ###...       3%          2    N/A

Dungeon Overview and Level Annotations

Branches:
Dungeon (3/15)

Altars:
Fedhas
Nemelex Xobeh
Okawaru

Annotations:
D:3 Natasha


Innate Abilities, Weirdness & Mutations

You do not eat or drink.
Your flesh is vulnerable to fire.
You are immune to poison.
Your flesh is cold resistant. (rC+)
You are immune to negative energy. (rN+++)
You are immune to unholy pain and torment.
You can survive without breathing.


Message History

Natasha is almost dead.
Natasha completely misses you.
You hit Natasha but do no damage.
Natasha is almost dead.
Natasha stares at you and mumbles some strange words.
The magic dart hits you!
* * * LOW HITPOINT WARNING * * *
Natasha closely misses you.
You closely miss Natasha.
Natasha is almost dead.
Natasha closely misses you.
You hit Natasha but do no damage.
Natasha is almost dead.
Natasha claws you.
* * * LOW HITPOINT WARNING * * *
You barely miss Natasha.
Natasha is almost dead.
Natasha stares at you and mumbles some strange words.
The magic dart hits you!
You die...

##..†.............#
#.#..#...).###....#
##..###.....#.....#
##..# ##.......#.##
....# ##.######.#
##### #.# #.# #.#
#.# #.# #h# #.# #@#
#.# ##.# #.# #..#
#.# ##.## #.# #..#
#.####.## #......#
########


You could see Natasha.

Vanquished Creatures
  An ogre (D:3)
  Natasha (D:3)
  A worker ant zombie (D:3)
  2 adders
  An ooze (D:3)
  2 worms
  2 dart slugs (D:1)
  2 leopard geckos
  An orc (D:3)
  3 giant cockroaches
  9 goblins
  7 hobgoblins
  6 jackals (D:1)
  A quokka (D:3)
  4 ball pythons
  5 bats
  5 frilled lizards
  6 kobolds
  8 rats
67 creatures vanquished.

Notes
Turn   | Place    | Note
-------+----------+-------------------------------------------
     0 | D:1      | BaronVonScrub the Mummy Conjurer began the quest for the Orb.
     0 | D:1      | Reached XP level 1. HP: 13/13 MP: 4/4
   356 | D:1      | Reached XP level 2. HP: 9/19 MP: 0/5
  1428 | D:2      | Reached XP level 3. HP: 24/24 MP: 4/7
  2490 | D:3      | Reached XP level 4. HP: 28/30 MP: 0/9
  2589 | D:3      | Noticed an ogre
  2712 | D:2      | Learned a level 3 spell: Dazzling Spray
  2894 | D:3      | Found a sparkling altar of Nemelex Xobeh.
  2896 | D:3      | Found a blossoming altar of Fedhas.
  2922 | D:3      | Noticed Natasha
  3072 | D:3      | Killed Natasha
  3203 | D:3      | Found an iron altar of Okawaru.
  3205 | D:3      | Reached XP level 5. HP: 36/36 MP: 9/11
  3373 | D:3      | Killed an ogre
  3373 | D:3      | Reached skill level 1 in Fighting
  3436 | D:3      | Noticed Natasha
  3456 | D:3      | Killed from afar by Natasha

Vault maps used:
D:1:      lightli_molten_gateway, interstate_on_off
D:3:      okawaru_ov_weapons_minmay, chequers_temple_overflow_statue_of_worship,
          minmay_misc_feat_square, uniq_natasha

Skill      XL: |  1  2  3  4  5 |
---------------+----------------+-----
Spellcasting   | 3 4 |  4.9
Conjurations   | 4 |  4.5
Fighting       | 1 |  1.2
Maces & Flails | |  0.3
Dodging        | |  1.7
Stealth        | |  1.9
Unarmed Combat | |  0.3

Action                   |  1- 3 |  4- 6 || total
-------------------------+-------+-------++-------
Melee: Unarmed           |    23 |       ||    23
       Club              |    19 |    20 ||    39
 Cast: Magic Dart        |   108 |    67 ||   175
  Use: Scroll            |     4 |     1 ||     5
Armor: Robe              |    18 |     4 ||    22
Dodge: Dodged            |    50 |    24 ||    74

Table legend:
 A = Spawn XP
 B = Non-spawn XP
 C = Spawn XP percentage of total XP
 D = Spawn monster count
 E = Non-spawn monster count
 F = Spawn count percentage of total count
 G = Total turns spent on level
                    A         B        C        D         E        F      G
               +---------+---------+-------+---------+---------+-------+---------
         Total |       0 |     324 |   0.0 |       0 |      67 |   0.0 |  3456
               +---------+---------+-------+---------+---------+-------+---------
           D:1 |       0 |      37 |   0.0 |       0 |      21 |   0.0 |  1313
           D:2 |       0 |      49 |   0.0 |       0 |      20 |   0.0 |  1126
           D:3 |       0 |     238 |   0.0 |       0 |      26 |   0.0 |  1017
               +---------+---------+-------+---------+---------+-------+---------
